 Dungeon Crawl Stone Soup version 0.24-a0-779-g36f0aeb843 (webtiles) character file.

Game seed: 11476250940868006213, levelgen mode: deterministic

113 Amen the Cudgeler (level 4, -1/41 HPs)
             Began as a Minotaur Fighter on Oct 8, 2019.
             Slain by a kobold
             ... wielding a +0 short sword
              (4 damage)
             ... on level 3 of the Dungeon.
             The game lasted 00:02:03 (2007 turns).

Amen the Cudgeler (Minotaur Fighter)                Turns: 2007, Time: 00:02:04

Health: -1/41      AC:  7    Str: 22    XL:     4   Next: 65%
Magic:  3/3        EV:  7    Int:  5    God:
Gold:   114        SH:  9    Dex:  9    Spells: 3/3 levels left

rFire    . . .     SeeInvis .   a - +0 flail
rCold    . . .     Gourm    .   c - +0 shield
rNeg     . . .     Faith    .   b - +0 scale mail
rPois    .         Spirit   .   (helmet restricted)
rElec    .         Reflect  .   (no cloak)
rCorr    .         Harm     .   (no gloves)
MR       .....                  (no boots)
Stlth    ..........             (no amulet)
HPRegen  0.13/turn              (no ring)
MPRegen  0.08/turn              (no ring)

@: lethally poisoned (-1 -> -2)
A: retaliatory headbutt, horns 2
a: no special abilities


You were on level 3 of the Dungeon.
You were hungry.

You visited 1 branch of the dungeon, and saw 3 of its levels.

You collected 114 gold pieces.

Inventory:

Hand Weapons
 a - a +0 flail (weapon)
Armour
 b - a +0 scale mail (worn)
 c - a +0 shield (worn)
Scrolls
 e - a scroll of amnesia {unknown}
 g - 2 scrolls of fog {unknown}
 h - 6 scrolls of identify {unknown}
 i - 2 scrolls of blinking {unknown}
 l - a scroll of immolation {unknown}
Potions
 d - a potion of might
 j - a potion of mutation {unknown}
 k - a potion of heal wounds {unknown}
Comestibles
 f - 3 rations


   Skills:
 + Level 4.8 Fighting
 * Level 5.0 Maces & Flails
 - Level 3.7 Armour
 - Level 3.6 Shields


You had 3 spell levels left.
You didn't know any spells.
Your spell library was empty.

Dungeon Overview and Level Annotations

Branches:
Dungeon (3/15)

Altars:
Uskayaw


Innate Abilities, Weirdness & Mutations

You reflexively headbutt those who attack you in melee.
You have a pair of horns on your head.


Message History

* * * LOW HITPOINT WARNING * * *
You feel sick.
The kobold hits you with a +0 short sword.
* * * LOW HITPOINT WARNING * * *
You block the kobold's attack. The kobold hits you but does no damage.
You block the kobold's attack.
You feel sick. The kobold closely misses you.
The kobold hits you but does no damage. The kobold barely misses you.
You block the kobold's attack.
You feel sick. The kobold hits you but does no damage.
The kobold hits you but does no damage. The kobold closely misses you.
The kobold barely misses you.
You feel sick. The kobold completely misses you.
The kobold hits you but does no damage. The kobold barely misses you.
The kobold hits you with a +0 short sword.
You die...

#.......##.#
#.#
#..###..##.#
#.# #..
#..##.# ...
#..###..##..
...
.##.......##.#
...#
.............#
###
..#####.###..#
#......._.#
#.##@######
..##.##K#
........#
.......##
..#...# ##.#
##


You could see a kobold.

Vanquished Creatures
  A worker ant (D:2)
  2 adders
  An ooze (D:3)
  4 worms
  A leopard gecko (D:1)
  A ball python (D:3)
  8 bats
  3 giant cockroaches
  8 goblins
  7 hobgoblins
  A quokka (D:2)
  7 kobolds
  12 rats
56 creatures vanquished.

Notes
Turn   | Place    | Note
-------+----------+-------------------------------------------
     0 | D:1      | Amen the Minotaur Fighter began the quest for the Orb.
     0 | D:1      | Reached XP level 1. HP: 19/19 MP: 0/0
   163 | D:1      | Reached skill level 3 in Maces & Flails
   164 | D:1      | Reached XP level 2. HP: 23/27 MP: 1/1
   607 | D:2      | Reached XP level 3. HP: 20/33 MP: 2/2
   607 | D:2      | Reached skill level 4 in Maces & Flails
  1686 | D:2      | Reached XP level 4. HP: 41/41 MP: 3/3
  1924 | D:3      | Found a hide-covered altar of Uskayaw.
  1990 | D:3      | Reached skill level 5 in Maces & Flails
  2007 | D:3      | Slain by a kobold

Levels and vault maps discovered:
D:1:      wheals_arrival_shading, layout_basic
D:2:      minmay_door_path, layout_basic, first_ration, minmay_pentomino_r4
D:3:      layout_loops_cross, overflow_temple_1_default, portal_sewer_entry_d

Skill      XL: |  1  2  3  4 |
---------------+-------------+-----
Maces & Flails | 3 4 5 |  5.0
Fighting       | 4 |  4.8
Armour         | |  3.7
Shields        | |  3.6

Action                   |  1- 3 |  4- 6 || total
-------------------------+-------+-------++-------
Melee: Flail             |   106 |    33 ||   139
       Headbutt          |    15 |     4 ||    19
  Eat: Chunk             |     3 |       ||     3
Armor: Scale mail        |    51 |    49 ||   100
Dodge: Dodged            |    23 |    31 ||    54
Block: Shield            |    50 |    50 ||   100

Table legend:
 A = Non-vault XP
 B = Vault XP
 C = Vault XP percentage of total XP
 D = Non-vault monster count
 E = Vault monster count
 F = Vault count percentage of total count
                 A         B        C        D         E       F
            +---------+---------+-------+---------+---------+-------
      Total |     153 |       9 |   5.6 |      52 |       4 |   7.1
            +---------+---------+-------+---------+---------+-------
        D:1 |      38 |       0 |   0.0 |      23 |       0 |   0.0
        D:2 |      83 |       9 |   9.8 |      21 |       4 |  16.0
        D:3 |      32 |       0 |   0.0 |       8 |       0 |   0.0
            +---------+---------+-------+---------+---------+-------
